 Dungeon Crawl Stone Soup version 0.23-a0-143-g1adec7bb76 (webtiles) character file.

194366 GordonOverkill the Severer (level 17, -3/208 HPs)
             Began as a Yellow Draconian Abyssal Knight on Sept 2, 2018.
             Was a High Priest of Lugonu.
             Slain by an ironheart preserver
             ... wielding a +0 flail
              (6 damage)
             ... on level 1 of the Vaults on Sept 3, 2018.
             The game lasted 02:15:18 (54365 turns).

GordonOverkill the Severer (DrAK)                  Turns: 54365, Time: 02:15:19

Health: -3/208     AC: 32    Str: 22    XL:     17   Next: 67%
Magic:  12/26      EV: 14    Int: 15    God:    Lugonu [*****.]
Gold:   167        SH:  6    Dex: 10    Spells: 15/29 levels left

rFire    + . .     SeeInvis +   b - +3 broad axe (elec)
rCold    . . .     Gourm    .   d - +1 buckler {AC+3}
rNeg     + . .     Faith    .   (armour unavailable)
rPois    ∞         Spirit   .   G - +2 hat {SInv}
rElec    +         Reflect  .   U - +2 cloak
rCorr    +         Harm     .   (gloves currently unavailable)
MR       +....                  (boots currently unavailable)
Stlth    +.........             R - amulet of rage
HPRegen  0.44/turn              f - ring of fire
MPRegen  0.20/turn              i - ring of protection from cold

@: statue-form, very slightly contaminated, very slow
A: (spit acid), (acid resistance), unfitting armour, clever 1, robust 1, acidic
bite, cold-blooded, AC +9
}: 1/15 runes: gossamer
a: End Transformation, Depart the Abyss, Bend Space, Banish, Corrupt, Enter the
Abyss, Renounce Religion, Evoke Berserk Rage


You were on level 1 of the Vaults.
You worshipped Lugonu.
Lugonu was extremely pleased with you.
You were very hungry.
You were a stone statue.
You visited 5 branches of the dungeon, and saw 28 of its levels.
You visited the Abyss 2 times.
You also visited: Bailey and Ice Cave.

You collected 2975 gold pieces.
You spent 2808 gold pieces at shops.

Inventory:

Hand Weapons
 a - a +6 broad axe of venom
 b - a +3 broad axe of electrocution (weapon)
 w - the +8 trident "Fol Avev" {holy, rC+}
   (You took it off a goblin in a bailey)

   It has been blessed by the Shining One to cause great damage to the undead
   and demons.
   It protects you from cold.
Missiles
 C - 45 tomahawks (quivered)
Armour
 d - a +1 buckler of protection (worn)
 p - a +2 pair of boots of stealth (melded)
 z - a cursed +0 large shield
 G - a +2 hat of see invisible (worn)
 U - a +2 cloak (worn)
 V - a +2 pair of gloves (melded)
Jewellery
 f - a ring of fire (left hand)
 i - a ring of protection from cold (right hand)
 L - a +2 ring of evasion
 R - an amulet of rage (around neck)
Wands
 c - a wand of enslavement (15)
 x - a wand of disintegration (17)
 D - a wand of flame (45)
 Q - a wand of polymorph (46)
 S - a wand of acid (8)
 T - a wand of random effects (29)
Scrolls
 e - 6 scrolls of amnesia
 g - 13 scrolls of teleportation
 j - 14 scrolls of remove curse
 k - 2 scrolls of holy word
 m - 7 scrolls of fog
 o - a scroll of immolation
 A - 5 scrolls of blinking
 E - 12 scrolls of identify
 J - 2 scrolls of enchant armour
 K - 3 scrolls of magic mapping
 N - a scroll of silence
 O - 3 scrolls of fear
 W - a scroll of random uselessness {unknown}
Potions
 h - 3 potions of agility
 l - a potion of invisibility
 n - 5 potions of curing
 q - 3 potions of flight
 r - 2 potions of cancellation
 s - 2 potions of heal wounds
 t - a potion of resistance
 u - a potion of brilliance
 v - 4 potions of berserk rage
 F - 4 potions of might
 H - 2 potions of magic
 I - 8 potions of ambrosia
 M - a potion of mutation
 P - 5 potions of haste
Miscellaneous
 y - a phantom mirror
Comestibles
 B - 36 rations
 X - 4 chunks of flesh


   Skills:
 - Level 12.0 Fighting
 - Level 17.3(18.0) Axes
 - Level 9.2(14.3) Polearms
 - Level 6.0 Dodging
 - Level 5.0 Shields
 + Level 6.5 Spellcasting
 - Level 12.0 Hexes
 + Level 10.1 Transmutations
 + Level 10.1 Earth Magic
 - Level 10.0 Invocations
 - Level 4.0 Evocations


You had 15 spell levels left.
You knew the following spells:

 Your Spells              Type           Power        Failure   Level  Hunger
a - Invisibility          Hex            #####...     16%         6    #######
b - Passwall              Tmut/Erth      #####...     1%          2    #......
c - Statue Form           Tmut/Erth      #####....    32%         6    #######

Your spell library contained the following spells:

 Spells                   Type           Power        Failure   Level  Hunger
 Confusing Touch          Hex            #####.       1%          1    None
 Corona                   Hex            #####..      1%          1    None
 Sandblast                Erth           #####.       1%          1    None
 Slow                     Hex            #####...     1%          2    #......
 Confuse                  Hex            #####...     1%          3    ##.....
 Tukima's Dance           Hex            #####...     1%          3    ##.....
 Leda's Liquefaction      Hex/Erth       #####.....   1%          4    ####...
 Petrify                  Tmut/Erth      #####...     2%          4    ####...
 Inner Flame              Hex/Fire       ####....     3%          3    ##.....
 Summon Guardian Golem    Hex/Summ       ###.....     3%          3    ##.....
 Yara's Violent Unravell  Hex/Tmut       #####.....   4%          5    ######.
 Stone Arrow              Conj/Erth      ###...       5%          3    ##.....
 Lee's Rapid Deconstruct  Erth           #####.....   6%          5    ######.
 Animate Skeleton         Necr           N/A          14%         1    None
 Apportation              Tloc           #.....       14%         1    None
 Flame Tongue             Conj/Fire      #....        14%         1    None
 Magic Dart               Conj           #...         14%         1    None
 Summon Butterflies       Summ           #.......     14%         1    None
 Summon Small Mammal      Summ           #...         14%         1    None
 Blink                    Tloc           N/A          22%         2    #......
 Call Imp                 Summ           #.......     22%         2    #......
 Throw Flame              Conj/Fire      #.....       22%         2    #......
 Metabolic Englaciation   Hex/Ice        ###.......   32%         5    ######.
 Conjure Flame            Conj/Fire      #.......     38%         3    ##.....
 Gell's Gravitas          Tloc           #.........   38%         3    ##.....
 Lesser Beckoning         Tloc           #.........   38%         3    ##.....
 Mephitic Cloud           Conj/Pois/Air  #.......     38%         3    ##.....
 Alistair's Intoxication  Tmut/Pois      ###.....     43%         5    ######.
 Bolt of Magma            Conj/Fire/Erth ###.......   67%         5    ######.
 Sticky Flame             Conj/Fire      #.......     80%         4    ####...
 Fireball                 Conj/Fire      #.........   98%         5    ######.


Dungeon Overview and Level Annotations

Branches:
Dungeon (15/15)            Temple (0/1) D:5            Lair (6/6) D:8
 Shoals (0/4) Lair:2       Spider (4/4) Lair:4        Slime (0/5) Lair:6
    Orc (2/2) D:11            Elf (0/3) Orc:2        Vaults (1/5) D:14
 Depths (0/5) D:15

Altars:
Cheibriados
Fedhas
Qazlal
Trog
Uskayaw
Xom
Zin
The Shining One

Shops:
D:7 %   D:11 :   D:12 [[}(!   D:13 [   Orc:2 }![*

Portals:
Pandemonium: Orc:2


Innate Abilities, Weirdness & Mutations

((You can spit globs of acid.))
((You are resistant to acid.))
((Your golden yellow scales are hard. (AC +9)))
You cannot fit into any form of body armour.
You have acidic saliva.
You are cold-blooded and may be slowed by cold attacks.
Your mind is acute. (Int +2)
You are robust. (+10% HP)


Message History

Okay, then.
You feel much better.
The ironbrand convoker casts a spell at the freezing wraith.
The freezing wraith seems to grow stronger.
The ironheart preserver closely misses you.
The vault warden hits you but does no damage.
The ironbrand convoker points at the ironheart preserver and mumbles some The ironheart preserver seems to grow stronger.
The ironheart preserver hits you with a flail!
* * * LOW HITPOINT WARNING * * *
Press: ? - help, Shift-Dir - straight line, f - vault warden
Aim: a vault warden, wielding a glaive and wearing a plate armour (unusually The vault warden resists with significant effort.
You are feeling very hungry.
You feel yourself speed up.
The vault warden hits you with a glaive!!!
* * * LOW HITPOINT WARNING * * *
The ironbrand convoker hits you but does no damage.
The ironheart preserver hits you with a flail.
You die...

#.# #...#.##
#...#..##
#...#...##
+...#....#
#...#...###
#...#..##8##
#...#.##ppp##
#...+.#%Wop[#.#
#...#(....()..#
###...###########
###.#...........
+...#)..........
#..)'...........
+..[#...........


You could see an ironheart preserver, a vault warden, an orc knight, 2 ironbrand
convokers and a freezing wraith.

Vanquished Creatures
  Rupert (Lair:4)
  Gastronok (Lair:2)
  Kirke (Spider:4)
  A deep elf sorcerer (Vaults:1)
  3 emperor scorpions
  4 ghost moths
  A vault warden (Vaults:1)
  An ironheart preserver (Vaults:1)
  Azrael (D:14)
  3 entropy weavers
  A deep elf demonologist (Vaults:1)
  2 deep elf death magi (Vaults:1)
  A fire dragon (Lair:6)
  Snorg (Lair:5)
  3 yaktaur captains
  A rakshasa (D:14)
  A catoblepas (Lair:5)
  5 centaur warriors
  2 hydras
  An ogre mage (D:14)
  8 two-headed ogres
  7 orc high priests
  Nergalle (Lair:1)
  A wretched star (Abyss:3)
  An unseen horror (Vaults:1)
  An infernal demonspawn (Orc:2)
  2 wizards (Vaults:1)
  A gelid demonspawn (Orc:2)
  A deep elf archer (Vaults:1)
  3 ironbrand convokers (Vaults:1)
  A torturous demonspawn (Orc:2)
  A necromancer (IceCv)
  6 orc knights
  A lindwurm (Lair:6)
  2 oklob plants
  14 orb spiders
  3 deep elf magi
  37 wolf spiders
  3 manticores
  5 orc sorcerers
  5 cyclopes
  8 ugly things
  18 elephants
  6 black mambas
  A smoke demon (Orc:2)
  2 moths of wrath
  2 torpor snails
  3 molten gargoyles (Lair:6)
  2 vault sentinels (Vaults:1)
  4 ice statues (IceCv)
  A gargoyle (D:10)
  A freezing wraith (D:13)
  7 spiny frogs
  9 yaktaurs
  2 rime drakes
  2 centaur skeletons (D:14)
  12 demonic crawlers
  2 kobold demonologists
  15 komodo dragons
  An efreet (Abyss:3)
  10 ice devils
  2 hellwings (Orc:2)
  8 trolls
  A jumping spider (shapeshifter) (D:15)
  44 jumping spiders
  7 hippogriffs
  8 hornets
  A blink frog (shapeshifter) (D:10)
  7 dream sheep
  8 slime creatures
  8 blink frogs (Lair:6)
  82 redbacks
  2 wraiths
  44 yaks
  6 wyverns
  Grum (Lair:1)
  29 tarantellas
  2 fire elementals
  A human (D:10)
  6 hogs
  3 steam dragons
  A chaos spawn (Orc:2)
  4 hungry ghosts
  4 basilisks
  2 wargs (Orc:1)
  2 vampire mosquitoes (D:15)
  Edmund (D:5)
  An acid dragon (D:12)
  10 water moccasins
  6 porcupines
  5 hell hounds
  An eye of draining (D:11)
  43 orc warriors
  5 ice beasts
  3 sky beasts
  16 ogres
  2 black bears
  4 phantoms
  An eye of draining (shapeshifter) (Vaults:1)
  A boggart (D:14)
  11 wolves
  10 crocodiles
  11 centaurs
  8 big kobolds
  2 wyvern zombies
  18 bullfrogs
  3 wyvern skeletons
  3 scorpions
  5 killer bees (D:12)
  10 wights
  6 electric eels
  9 howler monkeys
  5 lava snakes (Lair:6)
  6 crimson imps
  8 hounds
  A quasit (D:8)
  4 centaur zombies
  2 bullfrog zombies
  28 orc wizards
  Crazy Yiuf (D:5)
  23 orc priests
  5 bullfrog skeletons
  6 jellies
  5 iguanas
  10 worker ants
  4 spriggan simulacra (IceCv)
  3 troll simulacra (IceCv)
  A centaur simulacrum (IceCv)
  A hound zombie (D:5)
  3 hound skeletons
  2 worker ant zombies
  14 adders
  12 gnolls
  A naga simulacrum (IceCv)
  An ogre simulacrum (IceCv)
  3 oozes
  3 worms
  5 leopard geckos
  112 orcs
  6 giant cockroaches
  23 goblins
  13 hobgoblins
  7 quokkas
  2 ball pythons
  5 bats
  2 frilled lizards
  30 kobolds
  A leopard gecko skeleton (D:4)
  A quokka skeleton (D:5)
  A quokka zombie (D:11)
  5 rats
  3 bushes (Lair:6)
  11 fungi
  14 plants
1118 creatures vanquished.

Vanquished Creatures (others)
  An emperor scorpion (Spider:4)
  7 entropy weavers
  A spark wasp (Spider:3)
  A hydra (Lair:1)
  An orc high priest (Orc:2)
  A deep elf archer (Vaults:1)
  8 orb spiders
  2 wolf spiders (Lair:4)
  4 oklob plants
  A spiny frog (Lair:6)
  A komodo dragon (Lair:6)
  2 dream sheep (Lair:6)
  2 humans (Spider:4)
  2 crocodiles (Lair:6)
  3 fungi
  4 plants
41 creatures vanquished.

Grand Total: 1159 creatures vanquished

Notes
Turn   | Place    | Note
-------+----------+-------------------------------------------
     0 | Abyss:1  | GordonOverkill the Draconian Abyssal Knight began the quest
                  | for the Orb.
     0 | Abyss:1  | Reached XP level 1. HP: 19/19 MP: 2/2
    12 | D:1      | Escaped the Abyss
   343 | D:1      | Reached XP level 2. HP: 22/26 MP: 3/3
   768 | D:1      | Reached ** piety under Lugonu
  1042 | D:2      | Gained mutation: You are weak. (Str -2) [potion of
                  | mutation]
  1042 | D:2      | Gained mutation: You are somewhat resistant to further
                  | mutation. [potion of mutation]
  1066 | D:2      | Lost mutation: You are somewhat resistant to further
                  | mutation. [potion of mutation]
  1066 | D:2      | Lost mutation: You are weak. (Str -2) [potion of mutation]
  1066 | D:2      | Gained mutation: Your mind is acute. (Int +2) [potion of
                  | mutation]
  1066 | D:2      | Gained mutation: You are robust. (+10% HP) [potion of
                  | mutation]
  1191 | D:2      | Reached XP level 3. HP: 31/34 MP: 4/4
  2245 | D:3      | Reached XP level 4. HP: 25/41 MP: 5/5
  2996 | D:2      | Reached skill level 5 in Polearms
  3243 | D:3      | Reached XP level 5. HP: 34/49 MP: 6/6
  3500 | D:3      | Found a faded altar of an unknown god.
  4486 | D:4      | Noticed a phantom
  4829 | D:2      | Reached XP level 6. HP: 52/56 MP: 7/7
  6044 | D:4      | Your scales start taking on a golden yellow colour.
  6044 | D:4      | Reached XP level 7. HP: 61/62 MP: 8/8
  6304 | D:4      | Found a glowing silver altar of Zin.
  6573 | D:4      | Reached *** piety under Lugonu
  6850 | D:4      | Reached skill level 1 in Shields
  6978 | D:5      | Entered Level 5 of the Dungeon
  7627 | D:5      | Reached XP level 8. HP: 69/69 MP: 9/9
  8067 | D:5      | Found a shimmering altar of Xom.
  8097 | D:5      | Found a staircase to the Ecumenical Temple.
  8255 | D:5      | Found a runed door.
  8457 | D:5      | Noticed Crazy Yiuf
  8458 | D:5      | Killed Crazy Yiuf
  8484 | D:6      | Noticed Edmund
  8500 | D:5      | Killed Edmund
  8500 | D:5      | Reached skill level 1 in Axes
  8842 | D:6      | Reached skill level 2 in Axes
  9477 | D:6      | Reached skill level 3 in Axes
  9894 | D:7      | Reached skill level 4 in Axes
  9894 | D:7      | Reached skill level 5 in Invocations
  9958 | D:7      | Found Beebrah's Food Emporium.
  9959 | D:7      | Reached XP level 9. HP: 77/77 MP: 12/12
 10029 | D:7      | Reached skill level 5 in Axes
 10460 | D:8      | Reached skill level 6 in Axes
 10585 | D:8      | Reached skill level 1 in Evocations
 10865 | D:8      | Noticed a troll
 10885 | D:8      | Killed a troll
 10885 | D:8      | Reached **** piety under Lugonu
 10946 | D:8      | Reached skill level 7 in Axes
 11363 | D:8      | Found a staircase to the Lair.
 11387 | D:8      | Reached skill level 8 in Axes
 12069 | D:9      | Reached XP level 10. HP: 84/84 MP: 13/13
 12325 | D:8      | Reached skill level 9 in Axes
 12640 | D:8      | Reached skill level 10 in Axes
 12745 | D:9      | Found a blossoming altar of Fedhas.
 13043 | D:9      | Reached ***** piety under Lugonu
 13241 | D:10     | Entered Level 10 of the Dungeon
 13571 | D:10     | Noticed a two-headed ogre
 13584 | D:10     | Killed a two-headed ogre
 13584 | D:10     | Reached skill level 11 in Axes
 13604 | D:10     | Noticed a two-headed ogre
 13682 | D:10     | Killed a two-headed ogre
 13756 | D:10     | Found a snail-covered altar of Cheibriados.
 13925 | D:10     | Reached skill level 12 in Axes
 13996 | D:10     | Learned a level 6 spell: Invisibility
 14133 | D:10     | Reached XP level 11. HP: 71/90 MP: 14/14
 14471 | D:10     | Noticed a two-headed ogre
 14487 | D:10     | Killed a two-headed ogre
 15202 | D:10     | Reached skill level 13 in Axes
 15206 | D:10     | Noticed a white ugly thing
 15279 | D:10     | Found a hide-covered altar of Uskayaw.
 15299 | D:10     | Killed a white ugly thing
 15308 | D:10     | Reached skill level 1 in Hexes
 15592 | D:11     | Found Aclew's Book Shop.
 15710 | D:11     | Found a flagged portal.
 15761 | Bailey   | Entered a bailey
 15896 | Bailey   | Found an iron altar of Okawaru.
 15896 | Bailey   | Noticed an orc high priest
 15917 | Bailey   | Noticed a sun demon
 15920 | Bailey   | Killed an orc high priest
 15920 | Bailey   | Reached skill level 5 in Shields
 16155 | Bailey   | Noticed an orc knight
 16156 | Bailey   | Noticed an orc knight
 16181 | Bailey   | Killed an orc knight
 16181 | Bailey   | Reached skill level 5 in Fighting
 16287 | Bailey   | Killed an orc knight
 17025 | Bailey   | Got an ancient trident {holy}
 17026 | Bailey   | Identified the +8 trident "Fol Avev" {holy, rC+} (You took
                  | it off a goblin in a bailey)
 17736 | D:11     | Reached ****** piety under Lugonu
 18049 | D:11     | Reached XP level 12. HP: 97/106 MP: 15/15
 18209 | D:11     | Found a staircase to the Orcish Mines.
 18680 | D:11     | Reached skill level 5 in Hexes
 18925 | Lair:1   | Entered Level 1 of the Lair of Beasts
 19294 | Lair:1   | Noticed Grum
 19316 | Lair:1   | Killed Grum
 19784 | Lair:1   | Noticed a seven-headed hydra
 19792 | Lair:1   | Banished a seven-headed hydra
 20487 | Lair:1   | Noticed Nergalle
 20502 | Lair:1   | Killed Nergalle
 21042 | Lair:2   | Found a frozen archway.
 21102 | IceCv    | Entered an ice cave
 21494 | IceCv    | Reached skill level 14 in Axes
 23270 | Lair:2   | Found a staircase to the Shoals.
 23280 | Lair:2   | Reached XP level 13. HP: 117/122 MP: 18/18
 23657 | Lair:2   | Noticed Gastronok
 23674 | Lair:2   | Killed Gastronok
 25891 | Lair:4   | Found a hole to the Spider Nest.
 25905 | Lair:4   | Found a glowing golden altar of the Shining One.
 26048 | Lair:4   | Noticed Rupert
 26051 | Lair:4   | Paralysed by Rupert for 3 turns
 26083 | Lair:4   | Killed Rupert
 26083 | Lair:4   | Reached skill level 10 in Fighting
 26960 | Lair:5   | Reached skill level 15 in Axes
 27605 | Lair:5   | Noticed Snorg
 27615 | Lair:5   | Killed Snorg
 28058 | Lair:5   | Learned a level 2 spell: Passwall
 28070 | Lair:6   | Entered Level 6 of the Lair of Beasts
 28267 | Lair:6   | Gained mutation: You have acidic saliva. [Yellow Draconian
                  | growth]
 28267 | Lair:6   | Reached XP level 14. HP: 97/136 MP: 19/19
 29067 | Lair:6   | Found a large runed door.
 30158 | Lair:6   | Found a large runed door.
 30459 | Lair:6   | Reached skill level 10 in Hexes
 30704 | Lair:6   | Found a staircase to the Slime Pits.
 31224 | Lair:6   | Reached skill level 16 in Axes
 31904 | D:12     | Found Ifufuw's Gadget Boutique.
 31909 | D:12     | Found Giobrutoum's Armour Shop.
 31924 | D:12     | Found a stormy altar of Qazlal.
 31927 | D:12     | Bought a +1 buckler of protection for 247 gold pieces
 32100 | D:12     | Found Suan's Weapon Boutique.
 32252 | D:12     | Found Teorphaoq's Antique Armour Emporium.
 32430 | D:12     | Found Atussip's Distillery.
 33815 | D:13     | Found Mucve's Antique Armour Shoppe.
 35173 | D:14     | Found a gate to the Vaults.
 35200 | D:14     | Reached XP level 15. HP: 125/145 MP: 20/20
 35336 | D:14     | Noticed Azrael
 35357 | D:14     | Killed Azrael
 35885 | D:14     | Reached skill level 17 in Axes
 36042 | D:15     | Entered Level 15 of the Dungeon
 36887 | D:15     | Found a staircase to the Depths.
 37468 | Spider:1 | Entered Level 1 of the Spider Nest
 38471 | Orc:1    | Entered Level 1 of the Orcish Mines
 38526 | Orc:1    | Found a bloodstained altar of Trog.
 39042 | Orc:2    | Entered Level 2 of the Orcish Mines
 39522 | Orc:2    | Found a staircase to the Elven Halls.
 39650 | Orc:2    | Found Xuwyseko's Distillery.
 39920 | Orc:2    | Found Dashasy's General Store.
 40406 | Orc:2    | Reached skill level 5 in Dodging
 40988 | Orc:2    | Found Equs's Antique Armour Boutique.
 40988 | Orc:2    | Found Daigoq's Gadget Shop.
 40988 | Orc:2    | Found a one-way gate leading to the halls of Pandemonium.
 40994 | Orc:2    | Bought a pair of runed gloves for 217 gold pieces
 40994 | Orc:2    | Bought a pair of embroidered gloves for 217 gold pieces
 41695 | D:11     | Bought the Compendium of the Mountains and Enchantment for
                  | 825 gold pieces
 41702 | D:11     | Learned a level 6 spell: Statue Form
 41875 | Lair:4   | Reached skill level 1 in Transmutations
 41875 | Lair:4   | Reached skill level 1 in Earth Magic
 42715 | Spider:1 | Reached XP level 16. HP: 110/152 MP: 23/23
 43192 | Spider:1 | Reached skill level 1 in Spellcasting
 43398 | Spider:1 | Reached skill level 10 in Invocations
 45598 | Spider:2 | Reached skill level 5 in Transmutations
 45598 | Spider:2 | Reached skill level 5 in Earth Magic
 48950 | Spider:4 | Entered Level 4 of the Spider Nest
 49662 | Spider:4 | Noticed Kirke
 49674 | Spider:4 | Killed Kirke
 49835 | Spider:4 | Paralysed by a hornet for 2 turns
 49947 | Spider:4 | Reached XP level 17. HP: 139/160 MP: 24/24
 50385 | Spider:4 | Reached skill level 5 in Spellcasting
 52575 | Spider:4 | Got a gossamer rune of Zot
 52991 | D:12     | Bought a potion of haste for 140 gold pieces
 52991 | D:12     | Bought a potion of berserk rage for 70 gold pieces
 52991 | D:12     | Bought a potion of agility for 56 gold pieces
 52991 | D:12     | Bought a potion of heal wounds for 70 gold pieces
 52991 | D:12     | Bought a potion of heal wounds for 70 gold pieces
 52991 | D:12     | Bought a potion of agility for 56 gold pieces
 52991 | D:12     | Bought a potion of agility for 56 gold pieces
 52991 | D:12     | Bought a potion of berserk rage for 70 gold pieces
 52991 | D:12     | Bought 2 potions of curing for 84 gold pieces
 53091 | Orc:2    | Bought 2 potions of cancellation for 288 gold pieces
 53091 | Orc:2    | Bought a potion of resistance for 180 gold pieces
 53091 | Orc:2    | Bought a potion of might for 72 gold pieces
 53091 | Orc:2    | Bought a potion of berserk rage for 90 gold pieces
 53248 | Vaults:1 | Entered Level 1 of the Vaults
 53309 | Vaults:1 | Cast into level 3 of the Abyss (a deep elf demonologist)
 53309 | Abyss:3  | Found a corrupted altar of Lugonu.
 53389 | Vaults:1 | Escaped the Abyss
 53803 | Vaults:1 | Reached skill level 10 in Earth Magic
 53803 | Vaults:1 | Reached skill level 10 in Transmutations
 54365 | Vaults:1 | HP: 3/208 [vault warden/glaive (42)]
 54365 | Vaults:1 | Slain by an ironheart preserver

Vault maps used:
D:1:      ebering_trefoil_twist, hangedman_abyss_or_decor_stabs
D:3:      chequers_ecumenical_altar_simple_redux
D:4:      nicolae_overflow_crystal_walls
D:5:      minmay_temple_entry_overgrown, basic_altar, first_ration,
          item_on_display_a, uniq_crazy_yiuf_cottage
D:6:      corexii_leaking_fountain, uniq_edmund
D:7:      serial_shops, shop
D:8:      erik_lair_island
D:9:      basic_altar
D:10:     grunt_livestock, minmay_strange_pillars, hangedman_feature_mirror
D:11:     hiddenorc1_lemuel, enter_bailey_7, serial_shops, nicolae_shop_stone
D:12:     serial_shops, shop, shop, shop, nicolae_shop_statue_plus, shop,
          basic_altar
D:13:     serial_shops, nicolae_shop_behind_doors
D:14:     hangedman_vaults_entry_quadrant_bands, kennysheep_flooded_box,
          uniq_azrael
D:15:     grunt_enter_depths_snipers
Lair:1:   minmay_lair_oklob_chamber, grunt_megastairs_1,
          infiniplex_staircase_pool, uniq_nergalle, uniq_grum
Lair:2:   elwin_shoals_entry_rocks, portal_ice_cave_entry_pillars_1,
          minivault_19, lemuel_fruit_tree, uniq_gastronok
Lair:4:   spider_nest_entry_rubble, nicolae_quartered_pool_super,
          lemuel_oklob_altar, uniq_rupert
Lair:5:   grunt_megastairs_4, uniq_snorg
Lair:6:   cheibrodos_lair_end_hotspot, nicolae_slime_entry_slimehenge,
          serial_forest, infiniplex_forest_diagonal,
          infiniplex_forest_straight_4, infiniplex_forest_clump_tiny,
          infiniplex_forest_clump_diagonal, infiniplex_forest_clump_curved,
          infiniplex_forest_straight_2, infiniplex_forest_end_3,
          infiniplex_forest_lined_4_way
Spider:1: spider_temple_joshua, hangedman_spider_tarantella_strand
Spider:3: nicolae_spider_cling_ruins
Spider:4: grunt_spider_rune_parallel, uniq_kirke
Orc:1:    bloody_trog
Orc:2:    pf_orc_diabolical, nicolae_orc_crystal_geode
Vaults:1: vaults_room_ringed_pool, vaults_room_semicircle,
          nicolae_vaults_ring_of_whatevers, nicolae_vaults_circle_grid_a,
          v_misc_16, vaults_standard_mumra_x, vaults_mumra_lcd,
          ontoclasm_vaults_eye, nicolae_vaults_angled_halls,
          nicolae_vaults_border_crossing, hangedman_vaults_slice, serial_shops,
          shop
Bailey:   bailey_axe_of_yendor_kennysheep, bailey
IceCv:    ice_cave_tombish

Skill      XL: |  1  2  3  4  5  6  7  8  9 10 11 12 13 14 15 16 17 |
---------------+----------------------------------------------------+-----
Polearms       | 3 4 5 6 7 8 9 |  9.2
Shields        | 3 4 5 |  5.0
Axes           | 4 8 12 13 14 15 16 17 | 17.3
Invocations    | 5 6 7 9 10 | 10.0
Evocations     | 4 |  4.0
Hexes          | 4 6 9 11 12 | 12.0
Fighting       | 6 9 11 12 | 12.0
Dodging        | 6 |  6.0
Transmutations | 1 7 10 | 10.1
Earth Magic    | 2 7 10 | 10.1
Spellcasting   | 4 6 |  6.5

Action                   |  1- 3 |  4- 6 |  7- 9 | 10-12 | 13-15 | 16-18 || total
-------------------------+-------+-------+-------+-------+-------+-------++-------
Melee: Spear             |   136 |   226 |   111 |       |       |       ||   473
       Tailslap          |     6 |    19 |    27 |   118 |   199 |   114 ||   483
       Hand axe          |       |       |   157 |   872 |       |       ||  1029
       Broad axe         |       |       |       |     7 |  1316 |   818 ||  2141
       Trident           |       |       |       |     3 |     8 |       ||    11
       Bite              |       |       |       |       |   117 |   106 ||   223
Throw: Stone             |    52 |    52 |    35 |       |       |       ||   139
       Tomahawk          |       |     4 |    30 |    29 |     8 |       ||    71
 Cast: Invisibility      |       |       |       |       |     1 |     2 ||     3
       Statue Form       |       |       |       |       |       |     9 ||     9
Invok: Banish            |       |       |       |     2 |     5 |    28 ||    35
       Bend Space        |       |       |       |     1 |     8 |     1 ||    10
       Depart the Abyss  |       |       |       |       |       |     1 ||     1
 Abil: Breathe Acid      |       |       |    37 |    57 |    59 |     5 ||   158
Evoke: Wand              |       |       |    12 |    35 |    15 |     2 ||    64
  Use: Scroll            |     7 |     1 |     7 |    15 |     4 |     1 ||    35
       Potion            |     5 |     5 |       |     2 |     8 |    12 ||    32
 Stab: Paralysed         |       |       |     3 |    10 |       |       ||    13
       Sleeping          |       |       |       |    10 |     5 |     4 ||    19
       Distracted        |       |       |       |     4 |     2 |     2 ||     8
       Invisible         |       |       |       |     2 |     4 |       ||     6
       Confused          |       |       |       |       |     1 |       ||     1
       Betrayed ally     |       |       |       |       |       |     1 ||     1
  Eat: Chunk             |     3 |     4 |    24 |    31 |    53 |    19 ||   134
       Ration            |       |     3 |     1 |     5 |     7 |    11 ||    27
Armor: Skin              |    39 |    12 |    59 |   214 |   477 |   478 ||  1279
Dodge: Dodged            |    43 |    89 |   109 |   266 |   677 |   559 ||  1743
Block: Buckler           |       |       |    37 |   109 |   299 |   245 ||   690

Table legend:
 A = Non-vault XP
 B = Vault XP
 C = Vault XP percentage of total XP
 D = Non-vault monster count
 E = Vault monster count
 F = Vault count percentage of total count
                 A         B        C        D         E       F
            +---------+---------+-------+---------+---------+-------
      Total |  164073 |  101844 |  38.3 |     789 |     331 |  29.6
            +---------+---------+-------+---------+---------+-------
        D:1 |      45 |       0 |   0.0 |      20 |       0 |   0.0
        D:2 |     179 |       0 |   0.0 |      20 |       0 |   0.0
        D:3 |     224 |       0 |   0.0 |      31 |       0 |   0.0
        D:4 |     547 |       0 |   0.0 |      18 |       0 |   0.0
        D:5 |     803 |     194 |  19.5 |      20 |       2 |   9.1
        D:6 |     348 |       0 |   0.0 |      10 |       0 |   0.0
        D:7 |     912 |       0 |   0.0 |      17 |       0 |   0.0
        D:8 |    2367 |     895 |  27.4 |      36 |       8 |  18.2
        D:9 |    1476 |       0 |   0.0 |      28 |       0 |   0.0
       D:10 |    5105 |    2202 |  30.1 |      33 |      10 |  23.3
       D:11 |    4742 |     244 |   4.9 |      49 |      21 |  30.0
       D:12 |    2694 |       0 |   0.0 |      19 |       0 |   0.0
       D:13 |    7786 |     196 |   2.5 |      48 |       1 |   2.0
       D:14 |    9678 |    6557 |  40.4 |      22 |      20 |  47.6
       D:15 |    5636 |    2478 |  30.5 |      24 |       3 |  11.1
     Lair:1 |    3417 |    2378 |  41.0 |      15 |       9 |  37.5
     Lair:2 |    3270 |    2307 |  41.4 |      15 |       1 |   6.2
     Lair:3 |    2871 |       0 |   0.0 |      14 |       0 |   0.0
     Lair:4 |    4792 |    5045 |  51.3 |      16 |       5 |  23.8
     Lair:5 |   10701 |    2569 |  19.4 |      33 |       7 |  17.5
     Lair:6 |   11186 |    8840 |  44.1 |      40 |      31 |  43.7
   Spider:1 |   10527 |   11646 |  52.5 |      30 |      26 |  46.4
   Spider:2 |   14032 |       0 |   0.0 |      45 |       0 |   0.0
   Spider:3 |   22329 |       0 |   0.0 |      54 |       0 |   0.0
   Spider:4 |   15357 |   25434 |  62.4 |      43 |      54 |  55.7
      Orc:1 |    2894 |       0 |   0.0 |      35 |       0 |   0.0
      Orc:2 |    1476 |   16690 |  91.9 |      22 |      61 |  73.5
   Vaults:1 |   17577 |    4557 |  20.6 |      30 |       6 |  16.7
    Abyss:3 |    1102 |       0 |   0.0 |       2 |       0 |   0.0
     Bailey |       0 |    3860 | 100.0 |       0 |      42 | 100.0
      IceCv |       0 |    5752 | 100.0 |       0 |      24 | 100.0
            +---------+---------+-------+---------+---------+-------
